 Dungeon Crawl Stone Soup version 0.21.1-1-g345015fe64 (webtiles) character file.

877 Gargoyl the Skirmisher (level 7, -5/60 HPs)
             Began as a Centaur Abyssal Knight on May 5, 2018.
             Was a Priest of Lugonu.
             Killed by divine providence
             ... invoked by an orc priest
              (11 damage)
             ... on level 6 of the Dungeon.
             The game lasted 00:10:20 (5437 turns).

Gargoyl the Skirmisher (Centaur Abyssal Knight)     Turns: 5437, Time: 00:10:21

Health: -5/60      AC: 12    Str: 17    XL:     7   Next: 75%
Magic:  10/10      EV:  3    Int: 11    God:    Lugonu [***...]
Gold:   375        SH:  3    Dex: 10    Spells: 6/6 levels left

rFire    . . .     SeeInvis .   m - +1 spear of the Other Side {pain, Str+2} (curse)
rCold    . . .     Gourm    .   b - +0 buckler
rNeg     . . .     Faith    .   e - +1 plate armour
rPois    .         Spirit   .   (no helmet)
rElec    .         Reflect  .   j - +0 cloak
rCorr    .         Harm     .   (no gloves)
MR       .....                  (no barding)
Stlth    ..........             (no amulet)
HPRegen  0.20/turn              (no ring)
MPRegen  0.12/turn              (no ring)

@: very quick
A: large, hooves 3, deformed body, speed 2, tough skin 3
a: Depart the Abyss, Bend Space, Banish, Renounce Religion


You were on level 6 of the Dungeon.
You worshipped Lugonu.
Lugonu was most pleased with you.
You were not hungry.

You visited 1 branch of the dungeon, and saw 6 of its levels.
You visited the Abyss 1 time.

You collected 375 gold pieces.

Inventory:

Hand Weapons
 a - a +1 hand axe
 m - the cursed +1 spear of the Other Side (weapon) {pain, Str+2}
   (You found it on level 5 of the Dungeon)

   In the hands of one skilled in necromantic magic, it inflicts extra damage on
   living creatures.
   It affects your strength (+2).
   It has a curse placed upon it.
 w - a +2 trident of freezing
Missiles
 o - 10 tomahawks (quivered)
Armour
 b - a +0 buckler (worn)
 e - a +1 plate armour (worn)
 j - a +0 cloak (worn)
Wands
 n - a wand of paralysis (2)
 q - a wand of acid (12)
 s - a wand of iceblast (7)
Scrolls
 g - 2 scrolls of remove curse
 k - 2 scrolls of magic mapping
 l - 4 scrolls of blinking
Potions
 d - 2 potions of cancellation
 f - 2 potions of agility
 i - 2 potions of haste
 r - a potion of might
 u - a potion of brilliance {unknown}
 v - a potion of invisibility {unknown}
Books
 t - a book of Misfortune

   Spells                             Type                      Level
   a - Confusing Touch                Hexes                        1
   b - Confuse                        Hexes                        3
   c - Gell's Gravitas                Translocation                3
   d - Petrify                        Transmutation/Earth          4
   e - Metabolic Englaciation         Hexes/Ice                    5
   f - Yara's Violent Unravelling     Hexes/Transmutation          5
Comestibles
 c - 6 rations


   Skills:
 + Level 4.6 Fighting
 + Level 4.3 Axes
 * Level 4.3 Armour
 + Level 1.2 Dodging
 + Level 0.8 Shields
 * Level 4.0 Invocations


You had 6 spell levels left.
You didn't know any spells.

Dungeon Overview and Level Annotations

Branches:
Dungeon (6/15)             Temple (0/1) D:5

Altars:
Ashenzari
Dithmenos
Fedhas
Hepliaklqana
Nemelex Xobeh
Uskayaw


Innate Abilities, Weirdness & Mutations

You have hooves in place of feet.
Armour fits poorly on your strangely shaped body.
You cover ground very quickly.
You have extremely tough skin. (AC +3)


Message History

There are monsters nearby!
Attack whom?
Press: ? - help, Dir - move target cursor, f/p - orc priest
Aim: an orc priest, wielding a dagger and wearing a chain mail (almost dead)
You reach to attack!
You hit the orc priest but do no damage.
The orc priest is almost dead.
The orc hits you but does no damage.
Unknown command.
Unknown command.
You hit the orc priest but do no damage.
The orc priest is almost dead.
The orc priest hits you but does no damage.
The orc hits you but does no damage.
Unknown command.
You hit the orc priest.
The orc priest is almost dead.
The orc priest calls down the wrath of Beogh upon you.
Beogh smites you!
You die...

#........#
#........#
#........#
#........#
##........#
#.........#
###'####
#.oo...#
+.@.>#.#
###....#.#
#<#......#
#.#....###
#.#....# #
#.#....#
.##..#.#....#
#.........####
#.#.....#.#


You could see an orc priest and an orc.

Vanquished Creatures
  Grinder (D:3)
  An ogre (D:4)
  A centaur (D:5)
  2 scorpions
  A bullfrog skeleton (D:5)
  A hound (D:4)
  An orc priest (D:3)
  2 orc wizards (D:4)
  An iguana (D:5)
  3 worker ants
  4 gnolls (D:4)
  An adder (D:5)
  2 oozes (D:2)
  An adder skeleton (D:5)
  3 worms
  4 dart slugs
  A leopard gecko (D:2)
  11 orcs
  3 ball pythons
  5 giant cockroaches
  3 goblins
  6 hobgoblins
  10 jackals
  4 kobolds
  A quokka (D:5)
  6 bats
  6 frilled lizards
  A jackal zombie (D:2)
  A quokka skeleton (D:5)
  8 rats
95 creatures vanquished.

Vanquished Creatures (others)
  An orc wizard (D:6)
  A starspawn tentacle (Abyss:1)
2 creatures vanquished.

Grand Total: 97 creatures vanquished

Notes
Turn   | Place    | Note
-------+----------+-------------------------------------------
     0 | Abyss:1  | Gargoyl the Centaur Abyssal Knight began the quest for the Orb.
     0 | Abyss:1  | Reached XP level 1. HP: 19/19 MP: 2/2
    32 | Abyss:1  | Noticed a neqoxec
    85 | Abyss:1  | Noticed a bone dragon
   113 | Abyss:1  | Noticed a tentacled starspawn
   114 | Abyss:1  | Noticed a small abomination
   175 | Abyss:2  | Found a sparkling altar of Nemelex Xobeh.
   178 | Abyss:2  | Noticed a raiju
   204 | Abyss:2  | Noticed a large abomination
   209 | Abyss:2  | Noticed a wretched star
   213 | D:1      | Escaped the Abyss
   279 | D:1      | Reached * piety under Lugonu
   387 | D:1      | Reached XP level 2. HP: 22/26 MP: 3/3
   935 | D:1      | Reached XP level 3. HP: 29/31 MP: 4/4
  1422 | D:2      | Reached ** piety under Lugonu
  1501 | D:2      | Found a sparkling altar of Nemelex Xobeh.
  1646 | D:2      | Reached XP level 4. HP: 34/39 MP: 5/5
  1968 | D:3      | Found a hazy altar of Hepliaklqana.
  1982 | D:3      | Found a sparkling altar of Nemelex Xobeh.
  2019 | D:3      | Noticed Grinder
  2019 | D:3      | Paralysed by Grinder for 5 turns
  2031 | D:3      | Killed Grinder
  2031 | D:3      | Reached skill level 1 in Dodging
  2031 | D:3      | Reached XP level 5. HP: 46/46 MP: 5/7
  2031 | D:3      | Reached XP level 6. HP: 52/52 MP: 5/8
  2990 | D:4      | Found a blossoming altar of Fedhas.
  2999 | D:4      | Noticed a hand axe
  2999 | D:4      | Noticed a hand axe
  3004 | D:4      | Found a hide-covered altar of Uskayaw.
  3225 | D:4      | Reached XP level 7. HP: 31/60 MP: 9/9
  3228 | D:4      | Reached *** piety under Lugonu
  4002 | D:4      | Found a shadowy altar of Dithmenos.
  4135 | D:5      | Entered Level 5 of the Dungeon
  4786 | D:5      | Got a warped spear
  4787 | D:5      | Identified the cursed +1 spear of the Other Side {pain, Str+2} (You found it on level 5 of the Dungeon)
  4960 | D:5      | Found a shattered altar of Ashenzari.
  5010 | D:5      | Found a staircase to the Ecumenical Temple.
  5433 | D:6      | HP: 2/60 [orc priest/divine providence (12)]
  5437 | D:6      | Killed from afar by an orc priest

Skill      XL: |  1  2  3  4  5  6  7 |
---------------+----------------------+-----
Armour         | 2 3 4 |  4.3
Axes           | 2 3 4 |  4.3
Fighting       | 4 |  4.6
Dodging        | 1 |  1.2
Invocations    | 3 4 |  4.0
Shields        | |  0.8

Action                   |  1- 3 |  4- 6 |  7- 9 || total
-------------------------+-------+-------+-------++-------
Melee: Hand axe          |   135 |   107 |    92 ||   334
       Kick              |    26 |    20 |    34 ||    80
       Spear             |       |       |    43 ||    43
Invok: Depart the Abyss  |     1 |       |       ||     1
       Bend Space        |       |     1 |       ||     1
  Use: Scroll            |     6 |     2 |     5 ||    13
       Potion            |     2 |     2 |     3 ||     7
  Eat: Ration            |     1 |     1 |     1 ||     3
       Chunk             |       |     1 |     1 ||     2
Armor: Plate armour      |   146 |   120 |   105 ||   371
Dodge: Dodged            |     5 |    15 |    20 ||    40
Block: Buckler           |    14 |    20 |    20 ||    54
